 Dungeon Crawl Stone Soup version 0.18-a0-1311-g779ca93 (webtiles) character file.

43457 st0uf the Lord of Darkness (level 13, -4/111 HPs)
             Began as a White Draconian Fire Elementalist on Feb 14, 2016.
             Was the Champion of Kikubaaqudgha.
             Slain by a hog (6 damage)
             ... led by Kirke
             ... on level 5 of the Lair of Beasts.
             The game lasted 03:00:40 (22287 turns).

st0uf the Lord of Darkness (DrFE)                  Turns: 22287, Time: 03:00:41

Health: -4/111     AC: 18    Str: 13    XL:     13   Next: 90%
Magic:  18/28      EV: 17    Int: 17    God:    Kikubaaqudgha [******]
Gold:   899        SH:  0    Dex: 13    Spells: 9 memorised, 4 levels left

rFire  . . .     SeeInvis +     S - +1 dagger (venom)
rCold  + . .     Gourm    +     (armour unavailable)
rNeg   . . .     Faith    .     (no shield)
rPois  +         Spirit   .     (helmet restricted)
rElec  .         Dismiss  .     k - +2 cloak
rCorr  .         Reflect  .     c - +1 pair of gloves
SustAt .         Harm     .     (no boots)
MR     +....                    X - amulet of the gourmand
Stlth  +++.......               F - ring of protection from magic
                                J - +5 ring of protection

@: regenerating, somewhat resistant to hostile enchantments, fairly stealthy
A: breathe frost, unfitting armour, see invisible, cold resistance 1, poison
resistance, robust 1, wild magic 1, cold-blooded, AC +8
a: Breathe Frost, Receive Corpses, Torment, Brand Weapon With Pain, Receive
Necronomicon, Renounce Religion


You were on level 5 of the Lair of Beasts.
You worshipped Kikubaaqudgha.
Kikubaaqudgha was exalted by your worship.
You were very full.

You visited 2 branches of the dungeon, and saw 16 of its levels.
You also visited: Ice Cave.

You collected 1042 gold pieces.
You spent 143 gold pieces at shops.

Inventory:

Hand Weapons
 E - a +4 dagger of electrocution
 I - a +0 scimitar of flaming
 S - a +1 dagger of venom (weapon)
Missiles
 y - 2 throwing nets (quivered)
Armour
 c - a +1 pair of gloves (worn)
 k - a +2 cloak (worn)
Magical Staves
 P - an uncursed staff of power {unknown}
 Q - an uncursed staff of air {unknown}
Jewellery
 g - an uncursed ring of protection from cold
 s - an uncursed ring of see invisible
 A - an uncursed ring of protection from cold
 D - an uncursed ring of stealth
 F - a ring of protection from magic (right hand)
 J - a +5 ring of protection (left hand)
 O - an uncursed ring of flight
 X - an amulet of the gourmand (around neck)
Wands
 z - a wand of confusion (23/48)
 G - a wand of hasting (9/9)
 K - a wand of iceblast (7/15)
 T - a wand of digging (12/24)
Scrolls
 d - 8 scrolls of teleportation
 f - 10 scrolls of remove curse
 m - a scroll of summoning
 n - a scroll of enchant weapon
 p - a scroll of enchant armour
 t - 2 scrolls of fog
 v - a scroll of amnesia
 x - 2 scrolls of immolation
 U - a scroll of identify
Potions
 e - 2 potions of cure mutation
 h - 2 potions of curing
 i - 5 potions of brilliance
 q - a potion of ambrosia
 r - 3 potions of agility
 u - 2 potions of magic
 B - 2 potions of cancellation
 C - 3 potions of might
 H - a potion of heal wounds
 L - a potion of lignification
 N - a potion of flight
 Y - 3 potions of berserk rage
Books
 R - a book of Ice

   Spells                             Type                      Level
   a - Ice Form                       Ice/Transmutation            4
   b - Metabolic Englaciation         Hexes/Ice                    5
   c - Ozocubu's Refrigeration        Ice                          6
   d - Bolt of Cold                   Conjuration/Ice              6
   e - Freezing Cloud                 Conjuration/Ice/Air          6
   f - Simulacrum                     Ice/Necromancy               6
Miscellaneous
 M - an ornate deck of summoning
Comestibles
 a - 3 fruits
 b - 15 bread rations
 j - a slice of pizza
 l - a royal jelly
 o - a meat ration
 w - a beef jerky


   Skills:
 + Level 5.5 Fighting
 + Level 4.0(4.1) Short Blades
 + Level 0.4(2.5) Long Blades
 + Level 9.4 Dodging
 + Level 4.4 Stealth
 + Level 0.2 Unarmed Combat
 + Level 11.6 Spellcasting
 + Level 5.0 Conjurations
 + Level 2.0 Charms
 * Level 14.3 Necromancy
 + Level 5.4 Fire Magic


You had 4 spell levels left.
You knew the following spells:

 Your Spells              Type           Power        Failure   Level  Hunger
a - Flame Tongue          Conj/Fire      #####        3%          1    None
b - Conjure Flame         Conj/Fire      #####...     7%          3    None
c - Pain                  Necr           ####         1%          1    None
d - Excruciating Wounds   Chrm/Necr      ######....   19%         5    #####..
e - Regeneration          Chrm/Necr      ######....   3%          3    None
f - Dispel Undead         Necr           ######..     3%          5    #####..
g - Agony                 Necr           ######..     3%          5    #####..
h - Death Channel         Necr           ######....   9%          6    ######.
i - Sublimation of Blood  Necr           ######....   1%          2    None


Dungeon Overview and Level Annotations

Branches:
Dungeon (10/15)            Temple (0/1) D:5            Lair (6/8) D:9
 Shoals (0/4) Lair:5        Snake (0/4) Lair:5        Slime (0/6) Lair:6
    Orc: D:9-12

Altars:
Fedhas
Gozag
Kikubaaqudgha
Ru
Xom
Yredelemnul
The Shining One

Shops:
D:4 ?   D:7 *

Annotations:
D:6 totalnoob's ghost, novice DsTm
Lair:2 exclusion: 4 oklob plants
Lair:6 Kirke


Innate Abilities, Weirdness & Mutations

You can breathe waves of freezing cold.
You can buffet flying creatures when you breathe cold.
Your icy white scales are hard (AC +8).
Your body does not fit into most forms of armour.
Your flesh is cold resistant.
You are cold-blooded and may be slowed by cold attacks.
You have supernaturally acute eyesight.
Your system is resistant to poisons.
You are robust (+10% HP).
Your spells are a little harder to cast, but a little more powerful.


Message History

You closely miss the hog.
The hog is heavily wounded.
The hog closely misses you.
The hog bites something!
You hit the hog.
The hog is poisoned.
The hog is heavily wounded.
The hog bites you but does no damage.
You hit the hog.
The hog is severely wounded.
The hog bites you!
* * * LOW HITPOINT WARNING * * *
Casting: Regeneration
Confirm with . or Enter, or press ? or * to list all spells.
Aiming: Flame Tongue
Press: ? - help, Shift-Dir - straight line, f/p - hog
Aim: a hog (severely wounded, poisoned)
The flame tongue misses the hog.
The flame tongue hits the hog.
The hog is moderately wounded.
The hog misses you. The hog bites you.
You die...
Kikubaaqudgha rasps: "You have failed me!
Welcome... death!"

##P.........##.......
#......>..........PP
##.......รท...........
#....................
##....[..............
#..#................
#####h..............
##h#..............
#@#.#....#.#######
############


You could see 2 hogs.

Vanquished Creatures
  A frost giant (IceCv)
  Erica (D:8)
  4 hydras
  7 death yaks
  A wizard (D:9)
  A hill giant (D:10)
  A griffon (Lair:5)
  A manticore (Lair:5)
  2 elephants
  Maurice (D:10)
  An ice statue (IceCv)
  4 black mambas
  7 spiny frogs
  Psyche (D:10)
  5 komodo dragons
  3 fire drakes
  A troll (D:9)
  15 polar bears (IceCv)
  A two-headed ogre (D:9)
  13 blink frogs
  A spriggan (D:8)
  2 wyverns
  2 basilisks
  51 yaks
  A steam dragon (D:8)
  2 hogs (Lair:6)
  7 hippogriffs
  17 wolves (IceCv)
  9 porcupines
  7 water moccasins
  3 sky beasts
  6 orc warriors
  11 ice beasts
  A wasp (D:9)
  5 ogres
  A phantom (D:9)
  2 black bears
  5 centaurs
  11 crocodiles
  14 giant frogs
  A water moccasin zombie (D:6)
  A scorpion (D:4)
  A water moccasin skeleton (D:9)
  3 killer bees
  An electric eel (Lair:4)
  4 crimson imps
  A giant frog zombie (D:7)
  5 hounds
  A jelly (D:8)
  A quasit (D:6)
  7 orc priests
  10 orc wizards
  A centaur skeleton (D:7)
  9 iguanas
  7 worker ants
  15 sheep
  2 killer bee zombies
  7 gnolls
  34 river rats
  7 adders
  3 shadow imps
  An ooze (D:2)
  An adder skeleton (D:4)
  2 adder zombies
  3 worms
  7 giant geckos
  28 orcs
  17 bats
  5 giant cockroaches
  2 gnoll zombies (D:3)
  6 hobgoblins
  14 jackals
  5 kobolds
  4 quokkas
  A ball python (D:3)
  A giant gecko skeleton (D:4)
  A giant gecko zombie (D:8)
  3 giant newts
  11 goblins
  A jackal skeleton (D:8)
  A quokka skeleton (D:4)
  5 rats
469 creatures vanquished.

Vanquished Creatures (others)
  A polar bear (IceCv)
  A yak (IceCv)
  A wolf (IceCv)
  3 fungi
  3 plants
9 creatures vanquished.

Grand Total: 478 creatures vanquished

Notes
Turn   | Place    | Note
--------------------------------------------------------------
     0 | D:1      | st0uf the Draconian Fire Elementalist began the quest for the Orb.
     0 | D:1      | Reached XP level 1. HP: 14/14 MP: 3/3
   354 | D:1      | Reached XP level 2. HP: 20/20 MP: 0/5
  1014 | D:1      | Reached XP level 3. HP: 26/26 MP: 1/6
  1400 | D:2      | Found a sacrificial altar of Ru.
  1551 | D:2      | Reached skill level 4 in Fire Magic
  1806 | D:2      | Found an ancient bone altar of Kikubaaqudgha.
  1818 | D:2      | Reached XP level 4. HP: 33/33 MP: 3/7
  1841 | D:2      | Became a worshipper of Kikubaaqudgha
  2338 | D:3      | Noticed an ogre
  2345 | D:3      | Killed an ogre
  2345 | D:3      | Reached XP level 5. HP: 38/38 MP: 0/8
  2564 | D:3      | Learned a level 3 spell: Conjure Flame
  2705 | D:3      | Found a basalt altar of Yredelemnul.
  3713 | D:4      | Reached * piety under Kikubaaqudgha
  3713 | D:4      | Received a gift from Kikubaaqudgha
  3713 | D:4      | Reached XP level 6. HP: 44/46 MP: 1/10
  3714 | D:4      | Identified Kikubaaqudgha's Collected Works on Darkness (Kikubaaqudgha gifted it to you on level 4 of the Dungeon)
  3719 | D:4      | Learned a level 1 spell: Pain
  3724 | D:4      | Learned a level 4 spell: Sticky Flame
  3838 | D:4      | Found Meleer's Magic Scroll Emporium.
  3846 | D:4      | Bought a scroll of identify for 26 gold pieces
  3846 | D:4      | Bought a scroll of identify for 26 gold pieces
  3846 | D:4      | Bought a scroll of remove curse for 39 gold pieces
  3846 | D:4      | Bought a scroll of random uselessness for 13 gold pieces
  3846 | D:4      | Bought a scroll of noise for 13 gold pieces
  3964 | D:4      | Reached skill level 1 in Necromancy
  4045 | D:4      | Reached skill level 5 in Fire Magic
  4370 | D:5      | Entered Level 5 of the Dungeon
  4505 | D:5      | Found a staircase to the Ecumenical Temple.
  4507 | D:5      | Noticed a sky beast
  4537 | D:5      | Killed a sky beast
  4537 | D:5      | Reduced skill Fire Magic to level 4
  4537 | D:5      | Reached XP level 7. HP: 39/51 MP: 6/12
  4537 | D:5      | Your scales start taking on an icy white colour.
  4537 | D:5      | Gained mutation: Your flesh is cold resistant. [White Draconian growth]
  4603 | D:5      | Found a blossoming altar of Fedhas.
  4631 | D:5      | Gained mutation: You are robust (+10% HP). [mutagenic meat]
  4632 | D:5      | Gained mutation: Your spells are a little harder to cast, but a little more powerful. [mutagenic meat]
  4633 | D:5      | Gained mutation: You have supernaturally acute eyesight. [mutagenic meat]
  4709 | D:5      | Found a glowing golden altar of the Shining One.
  5154 | D:6      | Noticed totalnoob's ghost (novice DsTm)
  5612 | D:6      | Reached skill level 1 in Fighting
  5817 | D:6      | Found a shimmering altar of Xom.
  5990 | D:7      | Found Juaphac's Assorted Antiques.
  6009 | D:7      | Bought a gluggy blue potion for 26 gold pieces
  6029 | D:7      | Reached XP level 8. HP: 59/64 MP: 12/14
  6403 | D:7      | Reached skill level 5 in Spellcasting
  6629 | D:7      | Reached skill level 5 in Necromancy
  6834 | D:8      | Reached ** piety under Kikubaaqudgha
  6959 | D:8      | Reached XP level 9. HP: 27/73 MP: 12/17
  7193 | D:8      | Reached skill level 6 in Necromancy
  7320 | D:8      | Noticed Erica
  7360 | D:8      | HP: 3/73 [Erica/bolt of poison (14)]
  7378 | D:8      | Killed Erica
  7378 | D:8      | Reached skill level 1 in Short Blades
  7378 | D:8      | Reached skill level 7 in Necromancy
  7788 | D:8      | Reached skill level 5 in Dodging
  8152 | D:8      | Learned a level 3 spell: Regeneration
  8640 | D:8      | Found an opulent altar of Gozag.
  8817 | D:8      | Reached skill level 8 in Necromancy
  8817 | D:8      | Reached XP level 10. HP: 26/81 MP: 13/20
 10301 | D:9      | Found a staircase to the Lair.
 10312 | D:9      | Noticed a wizard
 10336 | D:9      | Killed a wizard
 10336 | D:9      | Reached skill level 9 in Necromancy
 10404 | D:9      | Reached *** piety under Kikubaaqudgha
 10404 | D:9      | Received a gift from Kikubaaqudgha
 10405 | D:9      | Identified Kikubaaqudgha's Compendium of Unholy Rites (Kikubaaqudgha gifted it to you on level 9 of the Dungeon)
 10480 | D:9      | HP: 4/84 [troll (9)]
 11018 | D:10     | Entered Level 10 of the Dungeon
 11049 | D:10     | Noticed Psyche
 11059 | D:10     | Killed Psyche
 11079 | D:10     | Noticed Maurice
 11095 | D:10     | Killed Maurice
 11402 | D:10     | Noticed a hill giant
 11416 | D:10     | Killed a hill giant
 11760 | D:10     | Reached skill level 10 in Necromancy
 11944 | D:9      | Reached XP level 11. HP: 90/90 MP: 23/23
 11967 | Lair:1   | Entered Level 1 of the Lair of Beasts
 12032 | Lair:1   | Noticed a four-headed hydra
 12044 | Lair:1   | Killed a three-headed hydra
 13041 | Lair:1   | Reached **** piety under Kikubaaqudgha
 13387 | Lair:2   | Reached skill level 11 in Necromancy
 14011 | Lair:2   | Noticed an oklob plant
 14011 | Lair:2   | Noticed an oklob plant
 14021 | Lair:2   | Noticed an oklob plant
 14025 | Lair:2   | Noticed an oklob plant
 15100 | Lair:3   | Reached skill level 12 in Necromancy
 15500 | Lair:3   | Reached XP level 12. HP: 79/100 MP: 11/25
 16218 | Lair:3   | Noticed a five-headed hydra
 16226 | Lair:3   | Killed a five-headed hydra
 16559 | Lair:4   | Reached skill level 10 in Spellcasting
 16865 | Lair:4   | Reached ***** piety under Kikubaaqudgha
 16925 | Lair:4   | Reached skill level 1 in Charms
 17362 | Lair:1   | Learned a level 5 spell: Dispel Undead
 17368 | Lair:1   | Learned a level 5 spell: Agony
 17375 | Lair:1   | Learned a level 6 spell: Death Channel
 17378 | Lair:1   | Learned a level 2 spell: Sublimation of Blood
 17402 | Lair:1   | Gained mutation: Your system is resistant to poisons. [potion of beneficial mutation]
 17417 | Lair:1   | Learned a level 5 spell: Excruciating Wounds
 17749 | Lair:4   | Reached skill level 5 in Fire Magic
 18255 | Lair:4   | Noticed a death yak
 18263 | Lair:4   | Noticed a death yak
 18283 | Lair:4   | Killed a death yak
 18287 | Lair:4   | Noticed a death yak
 18288 | Lair:4   | Noticed a death yak
 18289 | Lair:4   | Noticed a death yak
 18289 | Lair:4   | Noticed a death yak
 18347 | Lair:3   | Killed a death yak
 18350 | Lair:3   | Killed a death yak
 18350 | Lair:3   | Reached skill level 13 in Necromancy
 18766 | Lair:4   | Killed a death yak
 18772 | Lair:4   | Killed a death yak
 18779 | Lair:4   | Killed a death yak
 19141 | Lair:5   | Found a staircase to the Snake Pit.
 19239 | Lair:5   | Noticed a four-headed hydra
 19289 | Lair:5   | Killed a four-headed hydra
 19289 | Lair:5   | Reached XP level 13. HP: 72/108 MP: 2/27
 19306 | Lair:5   | HP: 1/108 [manticore (18)]
 19313 | Lair:5   | Reached skill level 5 in Fighting
 19527 | Lair:5   | Found a staircase to the Shoals.
 20186 | Lair:6   | Found a frozen archway.
 20273 | IceCv    | Entered an ice cave
 21447 | IceCv    | Reached ****** piety under Kikubaaqudgha
 21495 | IceCv    | Noticed a frost giant
 21509 | IceCv    | Reached skill level 14 in Necromancy
 21585 | IceCv    | Killed a frost giant
 21883 | Lair:6   | Reached skill level 5 in Conjurations
 22098 | Lair:6   | Noticed Kirke
 22281 | Lair:5   | HP: 4/111 [hog[Kirke] (7)]
 22286 | Lair:5   | HP: 1/111 [hog[Kirke] (7)]
 22287 | Lair:5   | Slain by a hog

Vault maps used:
D:1:      saegor_arrival_miasma
D:2:      kiku_gazebo_pond_becter, first_bread, minmay_door_square,
          grunt_ministairs_13, hangedman_abyss_or_decor_stabs,
          nicolae_ru_path_of_blood
D:3:      lemuel_zombie_altar_yredelemnul
D:4:      serial_shops, nicolae_shop_trees, minmay_misc_feat_cross,
          amalloy_card_club
D:5:      nicolae_tso_carved_into_rock, overflow_temple_1_default,
          temple_fountains
D:6:      kennysheep_mini
D:7:      serial_shops, shop
D:8:      grunt_gozag_statues, the_bakery, lightli_minifort, uniq_erica
D:9:      lair_0_dummy, minmay_librarian
D:10:     uniq_maurice, uniq_psyche
Lair:1:   grunt_megastairs_2, lemuel_fruit_tree
Lair:2:   dpeg_oklob_gauntlet
Lair:4:   bh_autumn_forest_stairs, lemuel_fruit_fields, grunt_megastairs_4,
          serial_bayou_shore_a
Lair:5:   minmay_shoals_entry_beasts, guppyfry_snake_entry_garden
Lair:6:   slime_altar_1, portal_ice_cave_entry_ice_beasts, st_stairs_5,
          pf_torpor_hydra, uniq_kirke
IceCv:    ice_cave_caverns_02

Action                   |  1- 3 |  4- 6 |  7- 9 | 10-12 | 13-15 || total
-------------------------+-------+-------+-------+-------+-------++-------
Melee: Unarmed           |    60 |    73 |    17 |       |       ||   150
       Dagger            |       |       |   153 |   724 |   542 ||  1419
       Scimitar          |       |       |    24 |     1 |    50 ||    75
 Cast: Flame Tongue      |    63 |   106 |    34 |     8 |    47 ||   258
       Conjure Flame     |       |     5 |    17 |    72 |    22 ||   116
       Pain              |       |     3 |   127 |   318 |    52 ||   500
       Sticky Flame      |       |     1 |       |     1 |       ||     2
       Regeneration      |       |       |       |    31 |    40 ||    71
       Agony             |       |       |       |    12 |    26 ||    38
       Excruciating Woun |       |       |       |     1 |       ||     1
 Abil: Breathe Frost     |       |       |    23 |    31 |    11 ||    65
       Evoke Flight      |       |       |       |       |     1 ||     1
  Use: Scroll            |       |       |     1 |    34 |     1 ||    36
       Potion            |       |       |     3 |     1 |     3 ||     7
 Stab: Sleeping          |     1 |     1 |     2 |     5 |     1 ||    10
  Eat: Chunk             |     4 |    10 |    20 |    54 |    21 ||   109
       Royal jelly       |       |       |     1 |     1 |       ||     2
